 Dungeon Crawl Stone Soup version 0.24-a0-528-g98e85ec62a (webtiles) character file.

Game seed: 10306992010518579565

7381 BinkBink the Protected (level 10, -3/65 HPs)
             Began as a Deep Dwarf Berserker on Aug 5, 2019.
             Was a Believer of Trog.
             Killed from afar by a wretched star (4 damage)
             ... with an orb of energy
             ... on level 3 of the Abyss.
             The game lasted 00:29:38 (9732 turns).

BinkBink the Protected (Deep Dwarf Berserker)       Turns: 9732, Time: 00:29:39

Health: -3/65      AC: 14    Str: 24      XL:     10   Next: 92%
Magic:  0/0        EV: 11    Int: -1 (3)  God:    Trog [**....]
Gold:   431        SH:  3    Dex: 10 (11) Spells: 9/9 levels left

rFire    + + .     SeeInvis +   b - +8 trident of Fortitude {speed, Dex+3}
rCold    . . .     Gourm    .   (no shield)
rNeg     + . .     Faith    .   J - +1 plate armour {rPois}
rPois    +         Spirit   .   (no helmet)
rElec    +         Reflect  +   (no cloak)
rCorr    .         Harm     .   v - +1 pair of gloves
MR       +....     Rnd*Rage +   f - +0 pair of boots
Stlth    ..........             B - amulet "Wepyeg" {Reflect rC+ rN+ SH+3 SInv}
HPRegen  0.00/turn              y - ring of fire
MPRegen  0.07/turn              u - +3 ring of strength

@: marked, non-regenerating, slowed, lost intelligence, very slow
A: damage resistance, heal wounds, repulsion field 1, [berserk 2], [clumsy 2],
[deformed body], [deterioration 2], [dopey 2], fire resistance 1, frail 1[+2],
sense surroundings 2, [screaming 2], electricity resistance, [weak 2],
MP-powered wands, no regeneration
a: Heal Wounds, Berserk, Trog's Hand, Renounce Religion


You were on level 3 of the Abyss.
You worshipped Trog.
Trog was pleased with you.
You were not hungry.

You visited 1 branch of the dungeon, and saw 10 of its levels.
You visited the Abyss 1 time.
You also visited: Ossuary and Bailey.

You collected 850 gold pieces.
You spent 419 gold pieces at shops.

Inventory:

Hand Weapons
 a - a +0 falchion
 b - the +8 trident of Fortitude (weapon) {speed, Dex+3}
   (You found it on level 10 of the Dungeon)

   Attacks with this weapon are significantly faster.
   It affects your dexterity (+3).
 e - a +4 whip of pain
Armour
 f - a +0 pair of boots (worn)
 v - a +1 pair of gloves (worn)
 J - a +1 plate armour of poison resistance (worn)
 L - +0 steam dragon scales
Jewellery
 u - a +3 ring of strength (right hand)
 y - a ring of fire (left hand)
 B - the amulet "Wepyeg" (around neck) {Reflect rC+ rN+ SH+3 SInv}
   (You bought it in a shop on level 4 of the Dungeon)

   [amulet of reflection]

   It shields you and reflects attacks.
   It protects you from cold.
   It protects you from negative energy.
   It lets you see invisible.
   It affects your SH (+3).
Wands
 l - a wand of random effects (16)
 m - a wand of polymorph (12)
 w - a wand of iceblast (22)
 A - a wand of disintegration (7)
 C - a wand of enslavement (4)
 D - a wand of acid (4)
 I - a wand of flame (12)
Scrolls
 g - a scroll of fog {unknown}
 h - 6 scrolls of remove curse
 i - a scroll of enchant weapon
 j - 5 scrolls of teleportation
 r - 2 scrolls of immolation
 s - 4 scrolls of enchant armour
 t - a scroll of holy word {unknown}
 E - a scroll of random uselessness {unknown}
 F - a scroll of fear {unknown}
 G - 3 scrolls of identify
Potions
 d - a potion of agility {unknown}
 k - 2 potions of flight {unknown}
 n - 2 potions of brilliance {unknown}
 o - 2 potions of mutation
 p - 2 potions of haste
 x - a potion of might {unknown}
 z - a potion of curing {unknown}
 H - 2 potions of degeneration {unknown}
Comestibles
 c - 10 rations
 q - 9 chunks of flesh


   Skills:
 + Level 7.4 Fighting
 + Level 3.5 Long Blades
 + Level 9.8 Maces & Flails
 + Level 4.6 Polearms
 + Level 10.0 Armour
 + Level 4.8 Dodging
 + Level 1.7 Stealth


You had 9 spell levels left.
You didn't know any spells.
Your spell library contained the following spells:

 Spells                   Type           Power        Failure   Level  Hunger
 Animate Skeleton         Necr           N/A          100%        1    ##.....
 Apportation              Tloc           #.....       100%        1    ##.....
 Confusing Touch          Hex            #.....       100%        1    ##.....
 Magic Dart               Conj           #...         100%        1    ##.....
 Summon Small Mammal      Summ           #...         100%        1    ##.....
 Blink                    Tloc           N/A          100%        2    ###....
 Call Imp                 Summ           #.......     100%        2    ###....
 Searing Ray              Conj           #.....       100%        2    ###....
 Slow                     Hex            #.......     100%        2    ###....
 Confuse                  Hex            #.......     100%        3    ####...
 Conjure Flame            Conj/Fire      #.......     100%        3    ####...
 Dazzling Spray           Conj/Hex       #.....       100%        3    ####...
 Gell's Gravitas          Tloc           #.........   100%        3    ####...
 Mephitic Cloud           Conj/Pois/Air  #.......     100%        3    ####...
 Force Lance              Conj/Tloc      #.......     100%        4    #####..
 Fulminant Prism          Conj/Hex       #.........   100%        4    #####..
 Iskenderun's Mystic Bla  Conj           #.......     100%        4    #####..
 Petrify                  Tmut/Erth      #.......     100%        4    #####..
 Metabolic Englaciation   Hex/Ice        #.........   100%        5    ######.
 Yara's Violent Unravell  Hex/Tmut       #.........   100%        5    ######.


Dungeon Overview and Level Annotations

Branches:
Dungeon (10/15)            Temple (0/1) D:6
   Lair: D:8-11         Orc: D:9-12

Altars:
Dithmenos
Fedhas
Yredelemnul
The Shining One

Shops:
D:4 =

Annotations:
D:10 Josephine


Innate Abilities, Weirdness & Mutations

You are resistant to damage.
You can heal yourself by infusing magical energy.
You passively map the area around you.
You do not regenerate.
You are surrounded by a mild repulsion field. (EV +2)
Your flesh is heat resistant. (rF+)
You are resistant to electric shocks. (rElec)
You expend magic power (3 MP) to strengthen your wands.
[You often lose your temper in combat.]
[You are very clumsy. (Dex -4)]
[Armour fits poorly on your strangely shaped body.]
[Your body often deteriorates upon taking damage.]
[You are very dopey. (Int -4)]
[You are extremely frail. (-30% HP)]
[You sometimes yell uncontrollably at your foes.]
[You are very weak. (Str -4)]


Message History

The yaktaur wields a +0 arbalest.
The yaktaur shoots a bolt.
The bolt hits you!
The bolt disappears in a puff of smoke!
The chaos spawn hits you!
Your body deteriorates!
You feel clumsy.
You are engulfed in flames.
You resist.
A wretched star comes into view.
The yaktaur shoots a bolt.
The bolt hits you!!
* * * LOW HITPOINT WARNING * * *
The bolt freezes you!
* * * LOW HITPOINT WARNING * * *
The bolt disappears in a puff of smoke!
The chaos spawn gores you but does no damage.
The wretched star moves out of view.
You almost manage to decipher the scroll, but fail in this attempt.
The worldbinder calls forth creatures from the Crypt!
The chaos spawn hits you.
* * * LOW HITPOINT WARNING * * *
You blink.
The wretched star glows turbulently.
The orb of energy hits you.
You die...

.#. . ##. ..##.
##.###
###....##.#..#. ##
......#.......##.####
...##....##*......#
##.#....##...#..#
#.xX...x..##@..# .
#.c.c4......#### #.
#*##.W.x#....
#.##.###..####.#
#..*# #..### ##
.#.#5.x###.. .#X #5p
.#. ..#.#.x...##.# .#
x##)..p...


You could see a wretched star, a worldbinder, a chaos spawn and a shadow.

Vanquished Creatures
  2 two-headed ogres
  A wolf spider zombie (D:10)
  Joseph (D:7)
  An ancient zyme (Abyss:3)
  4 raiju (Abyss:3)
  A merfolk (D:10)
  A wraith (D:10)
  A wyvern (D:10)
  A neqoxec (Abyss:3)
  A steam dragon (D:10)
  2 chaos spawn (Abyss:3)
  3 hungry ghosts
  A black bear (D:6)
  2 ogres (D:4)
  4 orc warriors
  A phantom (D:5)
  A necrophage (D:7)
  3 centaurs
  An elf zombie (Ossuary)
  4 bullfrogs
  2 wyvern skeletons
  A scorpion (D:4)
  4 wights (D:9)
  2 crimson imps
  A howler monkey (D:6)
  2 centaur zombies (Ossuary)
  A jelly (D:5)
  6 hounds
  A human zombie (Ossuary)
  2 orc priests
  A bullfrog skeleton (D:5)
  An iguana (D:7)
  3 orc wizards
  10 worker ants
  2 big kobold zombies (Ossuary)
  3 hound zombies
  4 hound skeletons
  3 mummies (Ossuary)
  A worker ant zombie (D:6)
  5 gnolls
  11 adders
  A shadow imp (D:6)
  An ooze (D:3)
  7 adder zombies
  3 adder skeletons
  4 dart slugs
  8 leopard geckos
  24 orcs
  5 giant cockroaches
  A gnoll zombie (Ossuary)
  7 goblins
  7 hobgoblins
  6 jackals
  8 kobolds
  4 quokkas
  5 bats
  6 frilled lizards
  4 goblin zombies (Ossuary)
  A hobgoblin zombie (Ossuary)
  A jackal skeleton (D:4)
  5 jackal zombies (Ossuary)
  A leopard gecko zombie (D:5)
  5 orc zombies (Ossuary)
  A quokka skeleton (D:4)
  8 quokka zombies
  5 rats
  3 rat zombies (Ossuary)
  A spectral orc (D:2)
234 creatures vanquished.

Vanquished Creatures (others)
  An orc wizard (D:3)
  An ufetubus (Abyss:3)
2 creatures vanquished.

Grand Total: 236 creatures vanquished

Notes
Turn   | Place    | Note
-------+----------+-------------------------------------------
     0 | D:1      | BinkBink the Deep Dwarf Berserker began the quest for the
                  | Orb.
     0 | D:1      | Reached XP level 1. HP: 20/20 MP: 1/1
   167 | D:1      | Reached XP level 2. HP: 26/28 MP: 1/1
   753 | D:1      | Reached ** piety under Trog
   786 | D:2      | Reached XP level 3. HP: 25/34 MP: 2/2
  1218 | D:2      | Reached skill level 1 in Maces & Flails
  1218 | D:2      | Reached XP level 4. HP: 42/42 MP: 2/2
  1334 | D:2      | Found a basalt altar of Yredelemnul.
  1432 | D:3      | Reached skill level 1 in Stealth
  2269 | D:3      | Reached XP level 5. HP: 27/49 MP: 3/3
  2388 | D:4      | Found Modusal's Jewellery Shoppe.
  2462 | D:4      | Noticed an ogre
  2492 | D:4      | HP: 2/50 [ogre/+0 giant club (25)]
  2494 | D:4      | Noticed a hungry ghost
  2499 | D:4      | Noticed an ogre
  2505 | D:4      | Killed an ogre
  2505 | D:4      | Reached skill level 3 in Armour
  2505 | D:4      | Reached XP level 6. HP: 51/57 MP: 2/2
  2558 | D:4      | Killed a hungry ghost
  2558 | D:4      | Reached skill level 4 in Armour
  2566 | D:4      | Reached XP level 7. HP: 20/64 MP: 3/3
  2831 | D:4      | Found a shadowy altar of Dithmenos.
  2861 | D:4      | Reached skill level 5 in Armour
  3303 | D:5      | Entered Level 5 of the Dungeon
  3791 | D:5      | Found a sand-covered staircase.
  3801 | Ossuary  | Entered an ossuary
  3861 | Ossuary  | Reached skill level 5 in Maces & Flails
  3941 | Ossuary  | Reached XP level 8. HP: 63/73 MP: 4/4
  3943 | Ossuary  | Reached *** piety under Trog
  4544 | D:5      | Reached skill level 6 in Armour
  4851 | D:6      | Reached skill level 5 in Fighting
  5071 | D:6      | Found a staircase to the Ecumenical Temple.
  5405 | D:7      | Found a flagged portal.
  5453 | D:7      | Noticed Joseph
  5488 | D:7      | Killed Joseph
  5541 | D:7      | Gained mutation: You passively map the area around you.
                  | [Deep Dwarf growth]
  5541 | D:7      | Reached XP level 9. HP: 45/81 MP: 3/3
  5610 | Bailey   | Entered a bailey
  5666 | Bailey   | Reached skill level 7 in Armour
  5679 | Bailey   | Noticed an orc knight
  5711 | Bailey   | HP: 3/121 [orc knight/+0 battleaxe (6)]
  6324 | D:8      | Found a blossoming altar of Fedhas.
  6343 | D:8      | Noticed a two-headed ogre
  6362 | D:8      | Killed a two-headed ogre
  6362 | D:8      | Reached skill level 8 in Armour
  6429 | D:8      | Found a glowing golden altar of the Shining One.
  7303 | D:4      | Bought the amulet "Wepyeg" {Reflect rC+ rN+ SH+3 SInv} for
                  | 419 gold pieces
  7928 | D:9      | Noticed a two-headed ogre
  7946 | D:9      | Killed a two-headed ogre
  7946 | D:9      | Reached skill level 9 in Armour
  7946 | D:9      | Reached XP level 10. HP: 39/92 MP: 3/3
  8435 | D:10     | Entered Level 10 of the Dungeon
  8590 | D:10     | Noticed Josephine
  8734 | D:10     | Got a translucent trident
  8735 | D:10     | Identified the +8 trident of Fortitude {speed, Dex+3} (You
                  | found it on level 10 of the Dungeon)
  9211 | D:10     | Reached skill level 1 in Polearms
  9372 | D:10     | Gained mutation: You expend magic power (3 MP) to
                  | strengthen your wands. [potion of mutation]
  9372 | D:10     | Gained mutation: You are resistant to electric shocks.
                  | (rElec) [potion of mutation]
  9372 | D:10     | Gained mutation: Your flesh is heat resistant. (rF+)
                  | [potion of mutation]
  9372 | D:10     | Gained mutation: You are surrounded by a mild repulsion
                  | field. (EV +2) [potion of mutation]
  9531 | D:10     | Cast into level 3 of the Abyss (Josephine)
  9563 | Abyss:3  | Noticed a tentacled starspawn
  9593 | Abyss:3  | Paralysed by a chaos spawn for 5 turns
  9625 | Abyss:3  | Gained mutation: [You are frail. (-10% HP)] [a neqoxec]
  9661 | Abyss:3  | Reached skill level 10 in Armour
  9709 | Abyss:3  | Noticed a wretched star
  9710 | Abyss:3  | Lost intelligence.
  9719 | Abyss:3  | Noticed a worldbinder
  9720 | Abyss:3  | Noticed a vault sentinel
  9721 | Abyss:3  | Noticed an ironheart preserver
  9721 | Abyss:3  | Noticed an ironheart preserver
  9728 | Abyss:3  | Noticed a worldbinder
  9730 | Abyss:3  | Noticed a wretched star
  9731 | Abyss:3  | HP: 1/65 [chaos spawn (3)]
  9732 | Abyss:3  | Killed from afar by a wretched star

Levels and vault maps discovered:
D:1:      co_arrival_square_in_a_square_in_a_square, layout_basic,
          minmay_cut_off
D:2:      layout_loops_ring, yredelemnul_forgotten_temple_becter
D:3:      layout_basic, first_ration, minmay_liquid_box
D:4:      layout_cave_pods, serial_shops, nicolae_shop_crystal,
          grunt_dithmenos_smoke
D:5:      layout_basic, lightli_ossuary_entry_decrepit_ruins
D:6:      layout_basic, minmay_temple_entry_statues_pillars,
          lemuel_another_geyser
D:7:      layout_loops_ring, enter_bailey_3, uniq_joseph
D:8:      layout_basic, lemuel_crystal_altar, basic_altar, grunt_ministairs_10
D:9:      layout_basic
D:10:     layout_irregular_city, hangedman_fish_farm, uniq_josephine
Abyss:3:  evilmike_abyss_exit_13

Skill      XL: |  1  2  3  4  5  6  7  8  9 10 |
---------------+-------------------------------+-----
Fighting       | 3 4 5 6 7 |  7.4
Maces & Flails | 1 2 3 4 5 7 9 |  9.8
Stealth        | 1 |  1.7
Dodging        | 3 4 |  4.8
Armour         | 3 4 5 6 9 10 | 10.0
Polearms       | 4 |  4.6
Long Blades    | |  3.5

Action                   |  1- 3 |  4- 6 |  7- 9 | 10-12 || total
-------------------------+-------+-------+-------+-------++-------
Melee: Falchion          |    16 |       |       |       ||    16
       Whip              |    73 |   200 |   947 |   142 ||  1362
       Trident           |       |       |       |   144 ||   144
Invok: Trog's Hand       |       |    10 |    22 |     6 ||    38
       Berserk           |       |     1 |     1 |       ||     2
 Abil: Heal Wounds       |     2 |     7 |     7 |     6 ||    22
  Use: Scroll            |       |       |     8 |     1 ||     9
       Potion            |       |       |       |     3 ||     3
 Stab: Sleeping          |     2 |     1 |       |       ||     3
  Eat: Chunk             |       |     6 |    15 |     2 ||    23
       Ration            |       |     4 |     4 |     4 ||    12
Armor: Animal skin       |    24 |     2 |       |       ||    26
       Ring mail         |       |    95 |     5 |       ||   100
       Plate armour      |       |       |   441 |   148 ||   589
Dodge: Dodged            |    57 |   159 |   335 |   108 ||   659
Block: Other             |       |       |     6 |    19 ||    25
       Reflection        |       |       |       |     2 ||     2
       Rpst.: Falchion   |     5 |       |       |       ||     5

Table legend:
 A = Non-vault XP
 B = Vault XP
 C = Vault XP percentage of total XP
 D = Non-vault monster count
 E = Vault monster count
 F = Vault count percentage of total count
                 A         B        C        D         E       F
            +---------+---------+-------+---------+---------+-------
      Total |    9024 |    1521 |  14.4 |     180 |      55 |  23.4
            +---------+---------+-------+---------+---------+-------
        D:1 |      36 |       3 |   7.7 |      19 |       2 |   9.5
        D:2 |      66 |       1 |   1.5 |       8 |       1 |  11.1
        D:3 |     128 |       0 |   0.0 |      26 |       0 |   0.0
        D:4 |     774 |       0 |   0.0 |      22 |       0 |   0.0
        D:5 |     557 |       0 |   0.0 |      24 |       0 |   0.0
        D:6 |     379 |       0 |   0.0 |       8 |       0 |   0.0
        D:7 |     557 |     450 |  44.7 |      14 |       6 |  30.0
        D:8 |    1388 |      35 |   2.5 |      18 |       2 |  10.0
        D:9 |    1553 |       0 |   0.0 |      20 |       0 |   0.0
       D:10 |    1613 |     487 |  23.2 |      13 |       2 |  13.3
    Abyss:3 |    1973 |       0 |   0.0 |       8 |       0 |   0.0
    Ossuary |       0 |     392 | 100.0 |       0 |      39 | 100.0
     Bailey |       0 |     153 | 100.0 |       0 |       3 | 100.0
            +---------+---------+-------+---------+---------+-------
